AoeStats
← tamsaudoi111

Black Forest

509110224Analyzed
4v4 RM · 5d ago on Sep 25, 2026· 38m 40s· 8 players
Game mode
Random Map
Map size
Large (8 player)
Population
200
Speed
Normal
Resources
Standard
Victory
Conquest
Starting age
Dark Age
Ending age
Imperial Age
RankedLock teamsTeams togetherTeam positionsShared explorationLock speedFull tech treeHidden civsTurbo modeCheats
Victory
Defeat
🇵🇪 Spanish · Peru
1151
+34
🇨🇳 Bengalis · China
1136
+15
🇨🇳 Britons · China
1092
+17
🇨🇳 Franks · China
1019
+20
🇦🇷 Turks · Argentina
1147
-18
🇨🇳 Wu · China
1127
-17
🇻🇳 Vietnamese · Vietnam
1107
-16
🇻🇳 Khmer · Vietnam
1068
-15
tamsaudoi111
0:38 Loom
13:42 Feudal Age
17:47 Castle Age
15:41 Double-Bit Axe
16:26 Horse Collar
16:38 Gold Mining
24:58 Imperial Age
23:45 Wheelbarrow
22:58 Town Watch
35:03 Hand Cart
36:13 Stone Mining
Arsenaltvs
11:56 Feudal Age
12:45 Horse Collar
12:53 Double-Bit Axe
20:37 Castle Age
19:16 Stone Mining
20:03 Fishing Lines
26:06 Bow Saw
26:31 Heavy Plow
26:54 Elite Skirmisher
31:08 Forging
30:44 Treadmill Crane
34:28 Gold Mining
37:34 Imperial Age
36:36 Scale Mail Armor
37:12 Iron Casting
36:41 Pikeman
37:21 Squires
38:08 Chain Mail Armor
37:44 Fletching
KoNaMi
0:34 Loom
2:04 Loom
10:13 Feudal Age
10:20 Feudal Age
12:48 Wheelbarrow
16:27 Castle Age
15:14 Horse Collar
15:31 Double-Bit Axe
21:15 Bow Saw
22:20 Heavy Plow
23:37 Gold Mining
24:15 Scale Barding Armor
24:36 Ballistics
26:00 Gold Shaft Mining
25:43 Bloodlines
25:55 Husbandry
29:36 Hand Cart
31:51 Chain Barding Armor
35:30 Imperial Age
36:12 Town Watch
36:59 Crop Rotation
35:55 Elite Ballista Elephant
36:56 Conscription
39:26 Chemistry
38:32 Siege Engineers
39:04 Plate Barding Armor
38:44 Double Crossbow
秋秋风落叶
1:26 Loom
12:01 Feudal Age
17:41 Castle Age
16:44 Double-Bit Axe
17:14 Stone Mining
17:17 Horse Collar
19:18 Bow Saw
19:09 Gold Mining
26:07 Fishing Lines
26:35 Heavy Plow
26:33 Fletching
26:44 Padded Archer Armor
29:33 Bodkin Arrow
30:13 Red Cliffs Tactics
30:52 Wheelbarrow
32:39 Leather Archer Armor
35:56 Imperial Age
35:27 Ballistics
35:03 Murder Holes
35:19 Masonry
36:57 Hand Cart
36:58 Bracer
37:25 Pikeman
38:04 Halberdier
Carlos_Martel12
0:51 Loom
11:55 Feudal Age
17:39 Castle Age
15:51 Double-Bit Axe
15:55 Horse Collar
18:32 Bow Saw
18:34 Stone Mining
19:39 Heavy Plow
30:39 Imperial Age
28:40 Husbandry
28:51 Bloodlines
30:07 Wheelbarrow
29:44 Fletching
29:58 Padded Archer Armor
30:37 Bodkin Arrow
31:43 Conscription
32:12 Bracer
33:28 Scale Barding Armor
33:34 Forging
33:14 Cavalier
34:36 Hand Cart
35:14 Chain Barding Armor
34:17 Paladin
37:00 Plate Barding Armor
37:01 Iron Casting
37:57 Leather Archer Armor
98kar
11:52 Feudal Age
13:22 Double-Bit Axe
15:48 Castle Age
14:14 Loom
14:41 Fishing Lines
17:09 Bow Saw
17:32 Gillnets
19:19 Wheelbarrow
20:44 Stone Mining
28:17 Imperial Age
26:37 Hand Cart
28:19 Scale Barding Armor
28:24 Forging
28:21 Paiks
28:25 Caravan
28:56 Coinage
29:28 Husbandry
29:38 Bloodlines
28:52 Elite Battle Elephant
30:48 Two-Man Saw
29:41 Gold Mining
30:03 Husbandry
30:13 Bloodlines
31:09 Gold Shaft Mining
31:09 Chain Barding Armor
31:20 Horse Collar
34:24 Banking
35:43 Iron Casting
36:03 Plate Barding Armor
35:52 Guilds
37:43 Blast Furnace
36:52 Heavy Plow
37:48 Conscription
Dio
0:32 Loom
12:04 Feudal Age
16:17 Castle Age
15:04 Double-Bit Axe
17:49 Bow Saw
17:59 Horse Collar
21:56 Heavy Plow
25:32 Wheelbarrow
25:36 Stone Mining
25:37 Gold Mining
26:21 Fletching
26:59 Bodkin Arrow
28:56 Ballistics
31:29 Hand Cart
31:19 Treadmill Crane
32:09 Yeomen
32:00 Crossbowman
33:01 Pikeman
33:42 Squires
33:27 Arson
33:50 Elite Skirmisher
38:19 Imperial Age
35:58 Padded Archer Armor
36:09 Forging
35:59 Scale Mail Armor
36:25 Fortified Wall
37:03 Leather Archer Armor
38:44 Iron Casting
38:09 Scale Mail Armor
39:01 Bracer
39:32 Ring Archer Armor
39:25 Conscription
夏威
7:14 Loom
9:18 Feudal Age
13:43 Castle Age
12:28 Double-Bit Axe
15:32 Bow Saw
19:30 Loom
20:35 Wheelbarrow
28:35 Imperial Age
26:35 Scale Barding Armor
26:41 Forging
28:04 Chain Barding Armor
29:08 Iron Casting
29:02 Husbandry
28:38 Cavalier
30:08 Paladin
31:25 Plate Barding Armor
31:51 Blast Furnace
31:35 Gambesons
31:11 Pikeman
31:51 Squires
32:17 Conscription
32:44 Chivalry
34:48 Blast Furnace
33:50 Scale Mail Armor
34:15 Gold Mining
34:16 Stone Mining
36:13 Gold Shaft Mining
Connection lost

Rejoining the realm…

Still unreachable

The connection could not be restored.

Session expired

The server has moved on; the page needs a fresh start.